 Dungeon Crawl Stone Soup version 0.29-a0-96-g93358da72b (webtiles) character file.

Game seed: 1709568710281563025

14 Gildeon the Shield-Bearer (level 2, 0/21 HPs)
             Began as an Octopode Fighter on Feb 11, 2022.
             Slain by a worm (7 damage)
             ... on level 2 of the Dungeon.
             The game lasted 00:01:30 (971 turns).

Gildeon the Shield-Bearer (Octopode Fighter)         Turns: 971, Time: 00:01:30

Health: 0/21       AC:  1    Str: 15    XL:     2   Next: 41%
Magic:  2/2        EV: 13    Int: 10    God:
Gold:   93         SH:  4    Dex: 11    Spells: 1/1 levels left

rFire   . . .      SeeInvis .   a - +0 trident
rCold   . . .      Faith    .   b - +0 buckler
rNeg    . . .      Spirit   .   (helmet restricted)
rPois   .          Reflect  .   (no amulet)
rElec   .          Harm     .   (no ring)
rCorr   .          Rampage  .   (no ring)
Will    .....                   (no ring)
Stlth   ++........              (no ring)
HPRegen 0.07/turn               (no ring)
MPRegen 0.08/turn               (no ring)
                                (no ring)
                                (no ring)

@: no status effects
A: almost no armour, amphibious, 8 rings, camouflage 1, gelatinous body 1,
(nimble swimmer 1), tentacles
a: no special abilities


You were on level 2 of the Dungeon.
You visited 1 branch of the dungeon, and saw 2 of its levels.

You collected 93 gold pieces.

Inventory:

Hand Weapons
 a - a +0 trident (weapon)
Armour
 b - a +0 buckler (worn)
Scrolls
 d - a scroll of identify {unknown}
 f - a scroll of amnesia {unknown}
Potions
 c - a potion of might
 e - 2 potions of brilliance {unknown}


   Skills:
 + Level 3.1 Fighting
 * Level 2.3 Polearms
 + Level 3.1 Dodging
 + Level 1.0 Stealth
 + Level 3.1 Shields


You had one spell level left.
You didn't know any spells.
Your spell library was empty.

Dungeon Overview and Level Annotations

Branches:
Dungeon (2/15)

Altars:


Innate Abilities, Weirdness & Mutations

You cannot wear most types of armour.
You are amphibious.
You can wear up to eight rings at the same time.
Your skin changes colour to match your surroundings (Stealth+).
Your rubbery body absorbs attacks. (AC +1, EV +1)
((You are camouflaged when in or above water. (Stealth+)))
You have tentacles for arms and can constrict up to eight enemies at once.


Message History

You closely miss the ball python. Your grab misses the ball python.
Your squeeze misses the ball python. The ball python completely misses you.
The ball python closely misses you. The ball python bites you.
The ball python barely misses you.
You hit the ball python. Your grab misses the ball python.
You squeeze the ball python.
You kill the ball python!
HP restored.
Found 3 poisoned darts.
You now have 93 gold pieces (gained 11).
d - a scroll labelled AXZEUPH EHAEL A bat comes into view.
Found a stone staircase leading down.
The bat hits you but does no damage.
You hit the bat. You grab the bat.
The bat is moderately wounded.
You constrict the bat, but do no damage.
You block the bat's attack.
The bat escapes!
The bat barely misses you. You block the bat's attack. The bat misses you.
You puncture the bat!
You kill the bat!
Your Stealth skill increases to level 1!
You see here 3 poisoned darts.
A goblin comes into view. It is wielding a +0 club.
The goblin shouts!
Found a scroll labelled REIRIH RIET.
You puncture the goblin!
You kill the goblin!
You see here a +0 club.
f - a scroll labelled REIRIH RIET A worm comes into view.
Found a short sword.
The worm bites you!
You puncture the worm! Your grab misses the worm.
The worm is moderately wounded.
The worm bites you.
You puncture the worm! You grab the worm. You squeeze the worm.
The worm is severely wounded.
You constrict the worm. The worm bites you!
You die...

...... ...)..... ......
.......# ###### ......#
# #.....#### ###
###.#........# #..
.............# .... #..
......w......# ....##..
.......@.# ........
.........#########......
...............# #......
###.##.........# #......
# #.........# #......
............###......
....########..........
....########...)......
..................####


You could see a worm.

Vanquished Creatures
  A dart slug (D:1)
  A ball python (D:2)
  A bat (D:2)
  A giant cockroach (D:1)
  A goblin (D:2)
  A hobgoblin (D:1)
  3 kobolds (D:1)
  2 rats (D:1)
11 creatures vanquished.

Notes
Turn   | Place    | Note
-------+----------+-------------------------------------------
     0 | D:1      | Gildeon the Octopode Fighter began the quest for the Orb.
     0 | D:1      | Reached XP level 1. HP: 16/16 MP: 1/1
   343 | D:1      | Reached XP level 2. HP: 21/21 MP: 2/2
   930 | D:2      | Reached skill level 1 in Stealth
   971 | D:2      | Slain by a worm

Illustrated notes

Levels and vault maps discovered:
D:1:      amcnicky_arrival_wind_blow, layout_loops_ring, minivault_19,
          minmay_statues_item, chequers_serial_rivers_small_a,
          minmay_misc_feat_secret_circle
D:2:      minmay_diamond_boxcup, layout_basic, shapermc_ecumenical_altar_petra

Skill      XL: |  1  2 |
---------------+-------+-----
Stealth        | 1 |  1.0
Fighting       | |  3.1
Polearms       | |  2.3
Dodging        | |  3.1
Shields        | |  3.1

Action                   || total
-------------------------++-------
Melee: Trident           ||    19
       Constrict         ||     6
       Tentacles         ||     5
  Use: Scroll            ||     1
 Stab: Sleeping          ||     2
Armor: Skin              ||     2
Dodge: Dodged            ||     8
Block: Buckler           ||     3

Table legend: (Time is in decaauts)
 A = Elapsed time spent in this place.
 B = Non-inter-level travel time spent in this place.
 C = Inter-level travel time spent in this place.
 D = Time resting spent in this place.
 E = Time spent auto-exploring this place.
 F = Levels seen in this place.
 G = Mean time per level.
                   A        B        C        D        E       F      G
               +--------+--------+--------+--------+--------+-----+--------+
         Total |    974 |    964 |     10 |      0 |    856 |   2 |  487.0 |
       Dungeon |    974 |    964 |     10 |      0 |    856 |   2 |  487.0 |
               +--------+--------+--------+--------+--------+-----+--------+

Top non-repeatable levels by time:
     D:1: 865 daAuts
     D:2: 109 daAuts
